 Dungeon Crawl Stone Soup version 0.18.1-5-g4a78601 (webtiles) character file.

13249 LORDOFBUTT the Cleaver (level 11, -4/102 HPs)
             Began as a Minotaur Fighter on May 11, 2016.
             Was a High Priest of Trog.
             Engulfed by an ice statue's freezing vapour (10 damage)
             ... on level 11 of the Dungeon.
             The game lasted 00:15:19 (8719 turns).

LORDOFBUTT the Cleaver (Minotaur Fighter)           Turns: 8719, Time: 00:15:20

Health: -4/102     AC: 11    Str: 26    XL:     11   Next: 73%
Magic:  10/10      EV: 26    Int:  5    God:    Trog [*****.]
Gold:   332        SH:  0    Dex: 18    Spells: 0 memorised, 10 levels left

rFire  . . .     SeeInvis +     a - +0 war axe
rCold  . . .     Gourm    .     b - +0 scale mail
rNeg   . . .     Faith    .     (no shield)
rPois  .         Spirit   .     (helmet restricted)
rElec  .         Dismiss  .     p - +0 cloak
rCorr  .         Reflect  .     G - +0 pair of gloves
SustAt .         Harm     .     (no boots)
MR     .....                    V - amulet of Arrival {*Corrode Regen+ Str+5}
Stlth  ++........               J - +3 ring of evasion
                                q - ring of see invisible

@: agile, exhausted, not resistant to hostile enchantments, unstealthy
A: retaliatory headbutt, horns 2
a: Berserk, Trog's Hand, Brothers in Arms, Burn Spellbooks, Renounce Religion


You were on level 11 of the Dungeon.
You worshipped Trog.
Trog was extremely pleased with you.
You were not hungry.

You visited 1 branch of the dungeon, and saw 11 of its levels.

You collected 507 gold pieces.
You spent 175 gold pieces at shops.

Inventory:

Hand Weapons
 a - a +0 war axe (weapon)
 u - the +5 hunting sling of the Dark Horse {flame, +Blink Str+8 Stlth-, unknown}
   (You found it on level 6 of the Dungeon)

   It causes projectiles fired from it to burn those they strike, causing extra
   injury to most foes and up to half again as much damage against particularly
   susceptible opponents.
   It affects your strength (+8).
   It lets you blink.
   It makes you less stealthy.
Armour
 b - a +0 scale mail (worn)
 p - a +0 cloak (worn)
 G - a +0 pair of gloves (worn)
Jewellery
 q - a ring of see invisible (left hand)
 r - an uncursed ring of ice
 v - an uncursed ring of stealth
 I - an uncursed ring of loudness
 J - a +3 ring of evasion (right hand)
 L - a +3 ring of dexterity
 Q - an uncursed ring of sustain attributes
 V - the amulet of Arrival (around neck) {*Corrode Regen+ Str+5}
   (You bought it in a shop on level 10 of the Dungeon)

   [amulet of regeneration]

   It affects your strength (+5).
   It increases your rate of regeneration.
   It may corrode you when you take damage.
Wands
 D - a wand of flame (16/48)
 F - a wand of lightning (5/15)
 S - a wand of slowing (43/48)
 W - a wand of lightning (8/15)
Scrolls
 c - 5 scrolls of amnesia {unknown}
 e - 4 scrolls of teleportation
 h - 2 scrolls of blinking {unknown}
 l - 4 scrolls of fog {unknown}
 n - 3 scrolls of remove curse
 o - 6 scrolls of magic mapping {unknown}
 s - a scroll of recharging {unknown}
 t - 5 scrolls of enchant armour {unknown}
 y - 2 scrolls of enchant weapon {unknown}
 A - 3 scrolls of noise {unknown}
 B - a scroll of random uselessness {unknown}
 E - a scroll of vulnerability {unknown}
 H - a scroll of summoning {unknown}
 M - a scroll of brand weapon {unknown}
 O - 2 scrolls of immolation {unknown}
 T - a scroll of holy word {unknown}
 U - a scroll of identify
Potions
 d - a potion of brilliance
 g - 3 potions of degeneration
 i - a potion of agility
 j - a potion of resistance {unknown}
 k - 4 potions of lignification
 w - 3 potions of curing
 x - a potion of heal wounds
 P - a potion of cure mutation {unknown}
Books
 C - a book of Beasts

   Spells                             Type                      Level
   a - Summon Butterflies             Summoning                    1
   b - Call Canine Familiar           Summoning                    3
   c - Summon Ice Beast               Ice/Summoning                4
   d - Summon Mana Viper              Hexes/Summoning              5
   e - Summon Hydra                   Summoning                    7
   Trog disapproves of the use of such an item.
 R - a book of Minor Magic

   Spells                             Type                      Level
   a - Magic Dart                     Conjuration                  1
   b - Blink                          Translocation                2
   c - Call Imp                       Summoning                    2
   d - Repel Missiles                 Charms/Air                   2
   e - Slow                           Hexes                        2
   f - Conjure Flame                  Conjuration/Fire             3
   g - Mephitic Cloud                 Conjuration/Poison/Air       3
   Trog disapproves of the use of such an item.
Comestibles
 f - 8 bread rations
 m - a royal jelly
 z - 2 meat rations
 K - 6 fruits
 N - 7 slices of pizza
 X - a beef jerky


   Skills:
 + Level 11.2 Fighting
 + Level 12.4 Axes
 + Level 10.6 Armour
 + Level 10.2 Dodging
 + Level 2.5 Stealth
   Level 4.3 Shields


You had 10 spell levels left.
You didn't know any spells.

Dungeon Overview and Level Annotations

Branches:
Dungeon (11/15)            Temple (0/1) D:7            Lair (0/8) D:8
    Orc: D:9-12

Altars:
Dithmenos
Gozag
Nemelex Xobeh
Sif Muna
Trog
Vehumet
Zin
The Shining One

Shops:
D:5 [   D:10 *

Portals:
Ice
Cave: D:11

Annotations:
D:11 exclusion: ice statue


Innate Abilities, Weirdness & Mutations

You reflexively headbutt those who attack you in melee.
You have a pair of horns on your head.


Message History

You closely miss the ice beast.
The ice beast is lightly wounded.
You are engulfed in freezing vapours.
* * * LOW HITPOINT WARNING * * *
The ice beast misses you. You furiously retaliate!
You headbutt the ice beast.
Drink which item? (? for menu, Esc to quit)
Okay, then.
Drink which item? (? for menu, Esc to quit)
You feel agile all of a sudden.
You are engulfed in freezing vapours.
* * * LOW HITPOINT WARNING * * *
The ice beast hits you but does no damage.
The ice statue gestures at you. The bolt of cold misses you.
You hit the ice statue but do no damage.
The ice statue is severely damaged.
You slash the ice beast!
The ice beast is heavily wounded.
You are engulfed in freezing vapours.
You die...

###########.. ......$....$.
........##..# ######
............# #....##
............# ##.....##
......≈≈≈)..# #.......#
.....≈≈≈≈)..######### ##.....##
#...≈≈≈≈)..##.Y§§..# ###...###
#..≈≈≈≈≈≈...#.§@§..# #.#.###..
.##...≈≈≈....'.§8§∩.# #........
....≈..≈.≈...#....§.#####........
............##......##........###
........†....#########........# .
........†....#########........##.
.......).....#...................
.............#...................
...#####.....#................>..


You could see an ice statue and an ice beast.

Vanquished Creatures
  The ghost of Kitfox88 the Spear-Bearer, a novice MfFi of the Shining One (D:8)
  An unseen horror (D:11)
  A hill giant (D:10)
  An ugly thing (D:9)
  A cyclops (D:11)
  Maurice (D:11)
  A centaur zombie (D:11)
  A centaur skeleton (D:11)
  The ghost of Iamsock the Covered, an amateur DsFi of Cheibriados (D:4)
  2 two-headed ogres
  2 polar bears (D:11)
  A centaur simulacrum (D:11)
  A vampire (D:11)
  A shadow (D:11)
  Sigmund (D:3)
  A wyvern (D:11)
  7 yaks (D:11)
  A hog (D:7)
  A human (D:7)
  4 vampire mosquitoes (D:11)
  2 hippogriffs
  The ghost of richardnixon the Cudgeler, an amateur GrFi (D:3)
  3 orc warriors
  A sky beast (D:8)
  5 phantoms
  7 ice beasts
  A necrophage (D:6)
  5 ogres
  A centaur (D:9)
  Blork the orc (D:4)
  3 big kobolds
  9 giant frogs
  2 wyvern skeletons
  A scorpion (D:6)
  12 killer bees
  3 electric eels (D:11)
  10 howler monkeys
  5 crimson imps
  2 giant frog zombies
  A quasit (D:8)
  A hound (D:4)
  2 giant frog skeletons
  3 jellies
  6 orc priests
  A wyvern simulacrum (D:11)
  3 iguanas
  6 orc wizards
  2 worker ants
  3 sheep (D:7)
  A giant frog simulacrum (D:11)
  3 hound skeletons
  Robin (D:4)
  16 adders
  10 gnolls
  A river rat (D:8)
  2 shadow imps
  2 white imps (D:11)
  2 ufetubi (D:11)
  2 oozes
  3 worms
  A dart slug (D:3)
  7 giant geckos
  30 orcs
  5 giant cockroaches
  16 goblins
  7 hobgoblins
  7 jackals
  5 quokkas
  A ball python (D:3)
  9 bats
  3 giant newts
  22 kobolds
  13 rats
  4 fungi (D:8)
306 creatures vanquished.

Vanquished Creatures (collateral kills)
  Fannar (D:10)
1 creature vanquished.

Vanquished Creatures (others)
  4 fungi (D:8)
  A plant (D:11)
5 creatures vanquished.

Grand Total: 312 creatures vanquished

Notes
Turn   | Place    | Note
--------------------------------------------------------------
     0 | D:1      | LORDOFBUTT the Minotaur Fighter began the quest for the Orb.
     0 | D:1      | Reached XP level 1. HP: 19/19 MP: 0/0
    89 | D:1      | Reached XP level 2. HP: 27/27 MP: 1/1
   725 | D:2      | Reached XP level 3. HP: 33/33 MP: 2/2
   917 | D:2      | Reached skill level 1 in Dodging
   974 | D:2      | Found a bloodstained altar of Trog.
  1103 | D:2      | Reached XP level 4. HP: 40/41 MP: 3/3
  1114 | D:2      | Reached skill level 3 in Axes
  1117 | D:2      | Found a sparkling altar of Nemelex Xobeh.
  1169 | D:2      | Became a worshipper of Trog the Wrathful
  1503 | D:3      | Noticed richardnixon's ghost (amateur GrFi)
  1800 | D:3      | Killed richardnixon's ghost
  1800 | D:3      | Reached skill level 5 in Fighting
  1800 | D:3      | Reached XP level 5. HP: 18/48 MP: 4/4
  2049 | D:3      | Found a radiant altar of Vehumet.
  2078 | D:3      | Found a glowing golden altar of the Shining One.
  2134 | D:3      | Noticed Sigmund
  2269 | D:3      | Reached skill level 5 in Armour
  2423 | D:3      | Killed Sigmund
  2423 | D:3      | Reached skill level 4 in Axes
  2423 | D:3      | Reached skill level 1 in Stealth
  2423 | D:3      | Reached XP level 6. HP: 44/56 MP: 5/5
  2445 | D:3      | Found a deep blue altar of Sif Muna.
  2451 | D:3      | Reached * piety under Trog
  2592 | D:4      | Noticed Iamsock's ghost (amateur DsFi)
  2860 | D:4      | Killed Iamsock's ghost
  2860 | D:4      | Reached XP level 7. HP: 62/62 MP: 6/6
  2896 | D:4      | Noticed Robin
  2911 | D:4      | Killed Robin
  3007 | D:4      | Reached skill level 5 in Axes
  3688 | D:4      | Noticed Blork the orc
  3700 | D:4      | Killed Blork the orc
  3700 | D:4      | Reached ** piety under Trog
  3700 | D:4      | Reached XP level 8. HP: 55/71 MP: 7/7
  3796 | D:5      | Entered Level 5 of the Dungeon
  3992 | D:5      | Reached skill level 6 in Axes
  4039 | D:5      | Reached skill level 5 in Dodging
  4373 | D:5      | Found Kumerghu's Armour Shoppe.
  4684 | D:6      | Found a shadowy altar of Dithmenos.
  4821 | D:6      | Reached skill level 7 in Axes
  4844 | D:6      | Reached XP level 9. HP: 71/79 MP: 8/8
  5285 | D:6      | Got an ancient hunting sling
  5339 | D:6      | Found a sparkling altar of Nemelex Xobeh.
  5340 | D:6      | Found an opulent altar of Gozag.
  5568 | D:7      | Found a staircase to the Ecumenical Temple.
  5573 | D:7      | Reached *** piety under Trog
  5918 | D:7      | Reached skill level 8 in Axes
  6301 | D:8      | Found a staircase to the Lair.
  6355 | D:8      | Reached **** piety under Trog
  6372 | D:8      | Reached skill level 9 in Axes
  6468 | D:8      | Noticed Kitfox88's ghost (novice MfFi)
  6486 | D:8      | Killed Kitfox88's ghost
  6486 | D:8      | Reached XP level 10. HP: 64/90 MP: 9/9
  6828 | D:9      | Found Foneky's Armour Boutique.
  6854 | D:9      | Noticed a green ugly thing
  6863 | D:9      | Killed a green ugly thing
  6925 | D:9      | Reached skill level 10 in Axes
  6925 | D:9      | Reached skill level 10 in Armour
  6939 | D:9      | Reached ***** piety under Trog
  7086 | D:9      | Found an opulent altar of Gozag.
  7195 | D:9      | Found a glowing golden altar of the Shining One.
  7280 | D:9      | Found a glowing silver altar of Zin.
  7407 | D:10     | Entered Level 10 of the Dungeon
  7552 | D:10     | Noticed Fannar
  7597 | D:10     | HP: 3/91 [ice beast[Fannar] (10)]
  7600 | D:10     | Killed Fannar
  7600 | D:10     | Reached skill level 11 in Axes
  7628 | D:10     | Found Hawn's Assorted Antiques.
  7635 | D:10     | Bought a wavering golden amulet for 175 gold pieces
  7636 | D:10     | Identified the amulet of Arrival {*Corrode Regen+ Str+5} (You bought it in a shop on level 10 of the Dungeon)
  7922 | D:10     | Reached XP level 11. HP: 99/99 MP: 10/10
  8061 | D:10     | Noticed a hill giant
  8073 | D:10     | Killed a hill giant
  8304 | D:11     | Reached skill level 10 in Fighting
  8457 | D:11     | Noticed an unseen horror
  8473 | D:11     | Killed an unseen horror
  8493 | D:11     | Reached skill level 12 in Axes
  8633 | D:11     | Reached skill level 10 in Dodging
  8660 | D:11     | Noticed Maurice
  8669 | D:11     | Killed Maurice
  8704 | D:11     | Found a frozen archway.
  8719 | D:11     | Engulfed by an ice statue's freezing vapour

Skill      XL: |  1  2  3  4  5  6  7  8  9 10 11 |
---------------+----------------------------------+-----
Shields        | 4 |  4.3
Fighting       | 4 5 6 7 8 9 11 | 11.2
Dodging        | 1 2 3 6 8 9 10 | 10.2
Armour         | 4 5 6 7 8 9 10 | 10.6
Axes           | 3 4 5 7 9 11 12 | 12.4
Stealth        | 1 2 |  2.5

Action                   |  1- 3 |  4- 6 |  7- 9 | 10-12 || total
-------------------------+-------+-------+-------+-------++-------
Melee: War axe           |    81 |    93 |   365 |   283 ||   822
       Headbutt          |     7 |    19 |    61 |    86 ||   173
Invok: Berserk           |       |     1 |     2 |     7 ||    10
       Brothers in Arms  |       |       |       |     1 ||     1
  Use: Potion            |       |     1 |     1 |     3 ||     5
       Scroll            |       |       |     8 |     2 ||    10
  Eat: Bread ration      |       |     1 |     1 |       ||     2
       Meat ration       |       |     1 |     2 |     2 ||     5
       Beef jerky        |       |     1 |       |     2 ||     3
       Pizza             |       |       |       |     1 ||     1
Armor: Scale mail        |    44 |    32 |   159 |   104 ||   339
Dodge: Dodged            |    38 |    59 |   303 |   300 ||   700
Block: Shield            |    17 |       |       |       ||    17
